 Dungeon Crawl Stone Soup version 0.18.1-5-g4a78601 (webtiles) character file.

32 shmeve the Grave Robber (level 3, -1/24 HPs)
             Began as a Vampire Necromancer on May 14, 2016.
             Slain by an adder (2 damage)
             ... on level 2 of the Dungeon.
             The game lasted 00:05:00 (1145 turns).

shmeve the Grave Robber (Vampire Necromancer)       Turns: 1145, Time: 00:05:01

Health: -1/24      AC:  3    Str:  7    XL:     3   Next: 10%
Magic:  6/6        EV: 13    Int: 23    God:
Gold:   118        SH:  0    Dex: 15    Spells: 2 memorised, 4 levels left

rFire  . . .     SeeInvis +       - Unarmed
rCold  . . .     Gourm    .     a - +0 robe
rNeg   . . .     Faith    .     (no shield)
rPois  .         Spirit   .     j - +0 helmet
rElec  .         Dismiss  .     (no cloak)
rCorr  .         Reflect  .     (no gloves)
SustAt .         Harm     .     (no boots)
MR     .....                    (no amulet)
Stlth  +++.......               (no ring)
                                h - +6 ring of intelligence

@: lethally poisoned (-1 -> -7), regenerating quickly, not resistant to hostile
enchantments, fairly stealthy
A: fangs 3, see invisible, unbreathing
a: no special abilities


You were on level 2 of the Dungeon.
You were very full.

You visited 1 branch of the dungeon, and saw 2 of its levels.

You collected 118 gold pieces.

Inventory:

Armour
 a - a +0 robe (worn)
 j - a +0 helmet (worn)
Jewellery
 h - a +6 ring of intelligence (left hand)
Scrolls
 d - a scroll of recharging {unknown}
 e - a scroll of identify {unknown}
 f - a scroll of amnesia {unknown}
 i - a scroll of noise {unknown}
 n - a scroll of blinking {unknown}
Potions
 c - a potion of blood
 g - a potion of mutation {unknown}
 k - a potion of agility {unknown}
 l - a potion of resistance {unknown}
 m - 2 potions of lignification {unknown}
Books
 b - a book of Necromancy

   Spells                             Type                      Level
   a - Pain                           Necromancy                   1
   b - Animate Skeleton               Necromancy                   1
   c - Vampiric Draining              Necromancy                   3
   d - Regeneration                   Charms/Necromancy            3
   e - Animate Dead                   Necromancy                   4
   f - Control Undead                 Necromancy                   4


   Skills:
 * Level 0.1 Fighting
 * Level 2.7 Dodging
 * Level 3.3 Stealth
 + Level 1.0 Unarmed Combat
 + Level 2.0 Spellcasting
 * Level 4.8 Necromancy


You had 4 spell levels left.
You knew the following spells:

 Your Spells              Type           Power        Failure   Level  Hunger
a - Pain                  Necr           ###.         1%          1    #......
b - Animate Skeleton      Necr           N/A          1%          1    #......


Dungeon Overview and Level Annotations

Branches:
Dungeon (2/15)

Altars:
Elyvilon
Makhleb
Sif Muna
Xom
The Shining One


Innate Abilities, Weirdness & Mutations

Your natural rate of healing is unusually fast.
You have razor-sharp teeth.
You have supernaturally acute eyesight.
You can survive without breathing.


Message History

You feel sick. The adder bites you.
* * * LOW HITPOINT WARNING * * *
You closely miss the adder.
The adder is moderately wounded.
* * * LOW HITPOINT WARNING * * *
You feel sick. The adder misses you.
You hit the adder.
The adder is heavily wounded.
* * * LOW HITPOINT WARNING * * *
You feel sick. The adder bites you but does no damage.
The adder completely misses you.
You hit the adder.
The adder is heavily wounded.
* * * LOW HITPOINT WARNING * * *
You feel sick. The adder completely misses you.
You barely miss the adder.
The adder is heavily wounded.
* * * LOW HITPOINT WARNING * * *
You feel sick. The adder bites you.
You die...

## ### ..# #.# #.#
#.# #.# #S# #@#
################.#
Z..............Z.#
##################


You could see an adder and a friendly kobold skeleton.

Vanquished Creatures
  2 dart slugs
  2 bats
  A giant cockroach (D:1)
  5 goblins
  4 hobgoblins (D:1)
  3 kobolds
  A ball python (D:1)
  4 giant newts
  3 rats
25 creatures vanquished.

Vanquished Creatures (collateral kills)
  A kobold (D:2)
  A rat (D:2)
2 creatures vanquished.

Grand Total: 27 creatures vanquished

Notes
Turn   | Place    | Note
--------------------------------------------------------------
     0 | D:1      | shmeve the Vampire Necromancer began the quest for the Orb.
     0 | D:1      | Reached XP level 1. HP: 13/13 MP: 3/3
     2 | D:1      | Learned a level 1 spell: Animate Skeleton
   247 | D:1      | Reached XP level 2. HP: 14/19 MP: 3/5
   967 | D:2      | Reached XP level 3. HP: 24/24 MP: 4/6
   992 | D:2      | Reached skill level 1 in Unarmed Combat
   994 | D:2      | Found a shimmering altar of Xom.
  1084 | D:2      | Found a glowing golden altar of the Shining One.
  1087 | D:2      | Found a white marble altar of Elyvilon.
  1087 | D:2      | Found a deep blue altar of Sif Muna.
  1087 | D:2      | Found a burning altar of Makhleb.
  1145 | D:2      | HP: 1/24 [poisoned by an adder]
  1145 | D:2      | Slain by an adder

Skill      XL: |  1  2  3 |
---------------+----------+-----
Unarmed Combat | 1 |  1.0
Fighting       | |  0.1
Dodging        | |  2.7
Stealth        | |  3.3
Spellcasting   | |  2.0
Necromancy     | |  4.8

Action                   || total
-------------------------++-------
Melee: Unarmed           ||    53
       Bite              ||     9
 Cast: Pain              ||    23
       Animate Skeleton  ||     4
 Stab: Sleeping          ||     2
  Eat: Corpse            ||     9
Armor: Robe              ||     7
Dodge: Dodged            ||    25
